[ AOE2 MATCH · #506742375 ]
UnrankedTeutons vs Khmer
Player's team · WIN
Rival team · LOSS
[ REPLAY ANALYSIS · EXTRACTED FROM THE RECORDED GAME ]
Feudal
7:40
Castle
26:11
Imperial
—
| APM avg | 58.3 |
| APM peak | 102 |
| eAPM avg | 30.9 |
| Villagers / military | 68 / 25 |
Focus
⚔️ 34.1% · 🌾 65.9%
Spearman ×25 · Fishing Ship ×8
Feudal
10:37
Castle
18:30
Imperial
—
| APM avg | 45.2 |
| APM peak | 67 |
| eAPM avg | 25.2 |
| Villagers / military | 48 / 12 |
Focus
⚔️ 46.9% · 🌾 53.1%
Fishing Ship ×7 · Battle Elephant ×5 · Monk ×3 · Mangonel ×3 · Scout Cavalry ×1
Match map
Initial resources + every placement click. Lines = walls · curves = elevation contours. ◆ gold · ⬟ stone · ● berries · ✦ relic · ◌ wall gap
Your base· ✓ Map-separated
G-Dragon's base· ✓ Map-separated
Smoothed initial terrain · ◌ = detected wall gap · hover for details
Inputs per minute
— VN_DarK_KnighT_ - - G-Dragon
Build order — VN_DarK_KnighT_
First 150 of 168 actions detected
| 0:01 | Research | Loom |
| 0:02 | Build | House |
| 0:05 | Build | House |
| 0:09 | Queue | Villager (Male) |
| 0:10 | Queue | Villager (Male) |
| 0:10 | Queue | Villager (Male) |
| 0:34 | Queue | Villager (Male) |
| 0:34 | Queue | Villager (Male) |
| 1:17 | Queue | Villager (Male) |
| 1:17 | Queue | Villager (Male) |
| 1:23 | Build | Lumber Camp |
| 1:38 | Queue | Villager (Male) |
| 1:38 | Queue | Villager (Male) |
| 2:13 | Queue | Villager (Male) |
| 2:36 | Build | House |
| 2:54 | Queue | Villager (Male) |
| 3:30 | Queue | Villager (Male) |
| 3:30 | Queue | Villager (Male) |
| 3:35 | Build | Mining Camp |
| 4:11 | Queue | Villager (Male) |
| 4:25 | Queue | Villager (Male) |
| 4:25 | Queue | Villager (Male) |
| 4:35 | Build | House |
| 5:30 | Research | Feudal Age |
| 7:11 | Build | House |
| 7:40 | Age | Feudal Age |
| 7:43 | Build | Watch Tower |
| 7:48 | Queue | Villager (Male) |
| 7:49 | Research | Double-Bit Axe |
| 7:50 | Queue | Villager (Male) |
| 8:22 | Queue | Villager (Male) |
| 8:23 | Queue | Villager (Male) |
| 8:39 | Queue | Villager (Male) |
| 9:08 | Build | Watch Tower |
| 9:20 | Queue | Villager (Male) |
| 9:56 | Queue | Villager (Male) |
| 10:01 | Build | Dock |
| 10:22 | Build | Blacksmith |
| 10:26 | Queue | Villager (Male) |
| 10:33 | Build | Watch Tower |
| 10:47 | Build | House |
| 10:56 | Build | Palisade Wall |
| 11:02 | Queue | Villager (Male) |
| 11:25 | Research | Fletching |
| 11:47 | Queue | Villager (Male) |
| 12:19 | Queue | Villager (Male) |
| 12:19 | Queue | Villager (Male) |
| 12:27 | Queue | Fishing Ship |
| 12:28 | Build | House |
| 12:50 | Build | Mill |
| 12:52 | Queue | Fishing Ship |
| 13:13 | Queue | Villager (Male) |
| 13:41 | Queue | Villager (Male) |
| 13:52 | Queue | Villager (Male) |
| 14:01 | Queue | Fishing Ship |
| 14:01 | Queue | Fishing Ship |
| 14:02 | Build | House |
| 14:24 | Queue | Villager (Male) |
| 14:33 | Queue | Villager (Male) |
| 14:56 | Queue | Villager (Male) |
| 15:28 | Queue | Villager (Male) |
| 16:08 | Research | Horse Collar |
| 16:12 | Build | House |
| 16:12 | Build | House |
| 16:14 | Queue | Fishing Ship |
| 16:18 | Queue | Villager (Male) |
| 16:19 | Build | Farm |
| 16:23 | Build | Lumber Camp |
| 16:37 | Queue | Villager (Male) |
| 16:43 | Build | Outpost |
| 16:45 | Research | Town Watch |
| 16:47 | Build | Farm |
| 16:51 | Build | Farm |
| 16:51 | Build | Farm |
| 16:51 | Build | Farm |
| 16:52 | Build | Farm |
| 17:19 | Queue | Villager (Male) |
| 17:30 | Build | Mining Camp |
| 17:42 | Build | Outpost |
| 17:42 | Queue | Villager (Male) |
| 17:48 | Research | Wheelbarrow |
| 17:51 | Build | Farm |
| 18:00 | Build | Outpost |
| 18:15 | Build | House |
| 18:15 | Queue | Villager (Male) |
| 18:23 | Research | Tech 906 |
| 18:25 | Queue | Fishing Ship |
| 18:32 | Build | Dock |
| 18:42 | Build | Barracks |
| 18:44 | Build | Watch Tower |
| 18:54 | Queue | Villager (Male) |
| 19:04 | Queue | Spearman |
| 19:04 | Queue | Spearman |
| 19:14 | Build | Farm |
| 19:17 | Build | Farm |
| 19:19 | Build | Farm |
| 19:19 | Build | Farm |
| 19:20 | Build | Farm |
| 19:20 | Build | Farm |
| 19:20 | Build | Farm |
| 19:24 | Queue | Villager (Male) |
| 19:30 | Queue | Spearman |
| 19:37 | Build | Watch Tower |
| 19:41 | Queue | Villager (Male) |
| 19:56 | Queue | Spearman |
| 20:00 | Build | Farm |
| 20:05 | Queue | Fishing Ship |
| 20:06 | Queue | Fishing Ship |
| 20:06 | Queue | Villager (Male) |
| 20:22 | Queue | Villager (Male) |
| 20:25 | Queue | Spearman |
| 20:25 | Queue | Spearman |
| 20:47 | Build | House |
| 20:55 | Queue | Villager (Male) |
| 21:08 | Build | Watch Tower |
| 21:11 | Queue | Spearman |
| 21:20 | Queue | Spearman |
| 21:29 | Queue | Villager (Male) |
| 21:30 | Queue | Spearman |
| 21:58 | Build | Outpost |
| 22:05 | Queue | Spearman |
| 22:17 | Queue | Villager (Male) |
| 22:20 | Build | Market |
| 22:44 | Queue | Spearman |
| 23:06 | Queue | Villager (Male) |
| 23:09 | Research | Forging |
| 23:26 | Research | Castle Age |
| 23:28 | Queue | Spearman |
| 23:28 | Queue | Spearman |
| 23:35 | Queue | Spearman |
| 24:00 | Build | Watch Tower |
| 24:08 | Build | Barracks |
| 24:19 | Queue | Spearman |
| 24:20 | Queue | Spearman |
| 24:58 | Queue | Spearman |
| 25:04 | Queue | Spearman |
| 25:05 | Queue | Spearman |
| 25:20 | Queue | Villager (Male) |
| 25:22 | Queue | Spearman |
| 25:22 | Queue | Spearman |
| 25:32 | Queue | Spearman |
| 25:35 | Research | Scale Mail Armor |
| 25:36 | Queue | Villager (Male) |
| 25:38 | Queue | Spearman |
| 25:54 | Build | House |
| 25:55 | Build | House |
| 26:11 | Age | Castle Age |
| 26:13 | Research | Pikeman (upgrade) |
| 26:18 | Build | Town Center |
| 26:21 | Research | Chain Mail Armor |
Build order — G-Dragon
127 actions detected in the replay
| 0:01 | Queue | Villager (Male) |
| 0:03 | Build | House |
| 0:04 | Research | Loom |
| 0:11 | Build | House |
| 0:23 | Queue | Villager (Male) |
| 0:45 | Queue | Villager (Male) |
| 1:07 | Queue | Villager (Male) |
| 1:15 | Queue | Villager (Male) |
| 1:17 | Build | Lumber Camp |
| 1:29 | Queue | Villager (Male) |
| 1:29 | Queue | Villager (Male) |
| 1:56 | Queue | Villager (Male) |
| 3:02 | Queue | Villager (Male) |
| 3:02 | Queue | Villager (Male) |
| 3:02 | Queue | Villager (Male) |
| 3:08 | Build | House |
| 3:19 | Queue | Villager (Male) |
| 3:28 | Build | Dock |
| 3:55 | Build | House |
| 4:11 | Queue | Fishing Ship |
| 4:17 | Queue | Villager (Male) |
| 4:17 | Queue | Villager (Male) |
| 4:43 | Queue | Villager (Male) |
| 4:55 | Build | Lumber Camp |
| 5:19 | Queue | Fishing Ship |
| 5:21 | Queue | Villager (Male) |
| 5:34 | Build | House |
| 5:47 | Queue | Villager (Male) |
| 6:02 | Queue | Fishing Ship |
| 6:11 | Queue | Villager (Male) |
| 6:27 | Queue | Fishing Ship |
| 6:31 | Queue | Villager (Male) |
| 6:50 | Build | House |
| 7:00 | Build | Dock |
| 7:06 | Build | Palisade Wall |
| 7:09 | Queue | Villager (Male) |
| 7:17 | Queue | Fishing Ship |
| 7:28 | Queue | Villager (Male) |
| 7:43 | Queue | Fishing Ship |
| 7:46 | Build | House |
| 7:50 | Build | House |
| 7:55 | Queue | Villager (Male) |
| 8:04 | Build | House |
| 8:26 | Research | Feudal Age |
| 8:27 | Research | Feudal Age |
| 8:34 | Build | House |
| 8:38 | Build | Palisade Wall |
| 8:43 | Build | House |
| 8:46 | Build | Palisade Wall |
| 8:47 | Build | Palisade Wall |
| 9:16 | Build | Palisade Wall |
| 9:35 | Build | Palisade Wall |
| 9:45 | Build | Mining Camp |
| 9:53 | Build | Mining Camp |
| 10:03 | Build | House |
| 10:15 | Build | Palisade Wall |
| 10:37 | Age | Feudal Age |
| 10:41 | Build | Watch Tower |
| 10:44 | Research | Double-Bit Axe |
| 10:44 | Research | Double-Bit Axe |
| 10:45 | Research | Town Watch |
| 10:45 | Research | Town Watch |
| 10:54 | Build | Palisade Wall |
| 11:18 | Build | Palisade Wall |
| 11:21 | Build | Palisade Wall |
| 11:38 | Queue | Villager (Male) |
| 11:38 | Queue | Villager (Male) |
| 12:05 | Queue | Villager (Male) |
| 12:26 | Queue | Villager (Male) |
| 12:58 | Queue | Villager (Male) |
| 13:22 | Queue | Villager (Male) |
| 13:55 | Queue | Villager (Male) |
| 14:35 | Queue | Villager (Male) |
| 14:56 | Queue | Villager (Male) |
| 15:09 | Build | Palisade Wall |
| 15:14 | Build | Palisade Wall |
| 15:19 | Queue | Villager (Male) |
| 15:39 | Build | House |
| 15:40 | Queue | Villager (Male) |
| 15:45 | Research | Castle Age |
| 15:46 | Research | Castle Age |
| 15:47 | Build | Stable |
| 16:44 | Queue | Villager (Male) |
| 16:59 | Queue | Scout Cavalry |
| 17:20 | Build | Lumber Camp |
| 17:44 | Build | Watch Tower |
| 18:28 | Queue | Fishing Ship |
| 18:30 | Age | Castle Age |
| 18:33 | Queue | Battle Elephant |
| 18:38 | Queue | Villager (Male) |
| 18:49 | Build | Mill |
| 19:12 | Queue | Villager (Male) |
| 19:38 | Build | Monastery |
| 19:41 | Queue | Villager (Male) |
| 19:58 | Queue | Battle Elephant |
| 20:09 | Queue | Villager (Male) |
| 20:21 | Build | Siege Workshop |
| 20:22 | Queue | Monk |
| 20:23 | Queue | Monk |
| 20:37 | Queue | Villager (Male) |
| 20:47 | Queue | Villager (Male) |
| 21:00 | Build | Farm |
| 21:06 | Build | Watch Tower |
| 21:12 | Queue | Monk |
| 21:30 | Queue | Battle Elephant |
| 21:39 | Build | Farm |
| 21:39 | Build | Farm |
| 21:49 | Queue | Villager (Male) |
| 21:51 | Queue | Mangonel |
| 22:05 | Queue | Villager (Male) |
| 22:20 | Queue | Villager (Male) |
| 22:23 | Build | Farm |
| 23:44 | Queue | Villager (Male) |
| 24:01 | Research | Wheelbarrow |
| 24:01 | Research | Wheelbarrow |
| 24:02 | Build | Farm |
| 24:04 | Queue | Mangonel |
| 24:35 | Queue | Mangonel |
| 24:38 | Build | Farm |
| 24:43 | Queue | Villager (Male) |
| 25:30 | Research | Hand Cart |
| 25:47 | Queue | Villager (Male) |
| 26:40 | Queue | Battle Elephant |
| 26:41 | Queue | Battle Elephant |
| 26:42 | Queue | Villager (Male) |
| 27:34 | Build | House |
| 27:36 | Queue | Villager (Male) |
Match timeline
| 3:28 | G-Dragon · first_building Dock |
| 7:06 | G-Dragon · wall_segment Palisade Wall x1 |
| 7:40 | VN_DarK_KnighT_ · age_up feudal |
| 8:38 | G-Dragon · wall_segment Palisade Wall x1 |
| 8:46 | G-Dragon · wall_segment Palisade Wall x2 |
| 8:47 | G-Dragon · wall_segment Palisade Wall x10 |
| 9:16 | G-Dragon · wall_segment Palisade Wall x1 |
| 9:35 | G-Dragon · wall_segment Palisade Wall x1 |
| 10:01 | VN_DarK_KnighT_ · first_building Dock |
| 10:15 | G-Dragon · wall_segment Palisade Wall x1 |
| 10:37 | G-Dragon · age_up feudal |
| 10:54 | G-Dragon · wall_segment Palisade Wall x1 |
| 10:56 | VN_DarK_KnighT_ · wall_segment Palisade Wall x1 |
| 11:18 | G-Dragon · wall_segment Palisade Wall x1 |
| 11:21 | G-Dragon · wall_segment Palisade Wall x1 |
| 15:09 | G-Dragon · wall_segment Palisade Wall x1 |
| 15:14 | G-Dragon · wall_segment Palisade Wall x1 |
| 15:47 | G-Dragon · first_building Stable |
| 18:30 | G-Dragon · age_up castle |
| 18:42 | VN_DarK_KnighT_ · first_building Barracks |
| 19:38 | G-Dragon · first_building Monastery |
| 20:21 | G-Dragon · first_building Siege Workshop |
| 26:02 | VN_DarK_KnighT_ · first_market_buy 100 wood |
| 26:11 | VN_DarK_KnighT_ · age_up castle |
| 27:44 | G-Dragon · resign |
[ AI ANALYSIS · 1 CREDIT ]
What really happened in this match?
Wolo.gg analyzes every decision: build order, eco, micro, common mistakes by bracket. Personalized analysis on WhatsApp or Discord in 30 seconds.
Civ guide
Teutons
Perfil
Jugador #757886